 Dungeon Crawl Stone Soup version 0.28.0-53-g5a82cb258f (webtiles) character file.

Game seed: 1084126746855509117

74 Sin92 the Skirmisher (level 4, -12/35 HPs)
             Began as a Demonspawn Fighter on June 16, 2022.
             Killed by divine providence
             ... invoked by an orc priest
              (13 damage)
             ... on level 3 of the Dungeon.
             The game lasted 00:01:31 (1670 turns).

Sin92 the Skirmisher (Demonspawn Fighter)           Turns: 1670, Time: 00:01:32

Health: -12/35     AC:  6    Str: 19    XL:     4   Next: 9%
Magic:  4/4        EV:  9    Int:  9    God:
Gold:   102        SH:  5    Dex: 12    Spells: 3/3 levels left

rFire   . . .      SeeInvis .   a - +0 war axe
rCold   . . .      Faith    .   c - +1 buckler
rNeg    . . .      Spirit   .   b - +0 scale mail
rPois   .          Reflect  .   (helmet restricted)
rElec   .          Harm     .   (no cloak)
rCorr   .          Rampage  .   (no gloves)
Will    .....                   (no boots)
Stlth   ..........              (no amulet)
HPRegen 0.11/turn               (no ring)
MPRegen 0.09/turn               (no ring)

@: mighty
A: horns 1, foul stench 1
a: no special abilities


You were on level 3 of the Dungeon.
You visited 1 branch of the dungeon, and saw 3 of its levels.

You collected 102 gold pieces.

Inventory:

Hand Weapons
 a - a +0 war axe (weapon)
Armour
 b - a +0 scale mail (worn)
 c - a +1 buckler (worn)
Wands
 k - a wand of iceblast (11)
Scrolls
 i - a scroll of enchant weapon
Potions
 f - 3 potions of invisibility {unknown}
 h - a potion of heal wounds
 j - a potion of berserk rage {unknown}


   Skills:
 + Level 3.4 Fighting
 + Level 2.3 Axes
 + Level 3.1 Armour
 + Level 1.2 Dodging
 + Level 3.1 Shields


You had 3 spell levels left.
You didn't know any spells.
Your spell library was empty.

Dungeon Overview and Level Annotations

Branches:
Dungeon (3/15)

Altars:


Innate Abilities, Weirdness & Mutations

You have a pair of small horns on your head.
You may rarely emit foul miasma when damaged in melee.


Message History

There are monsters nearby!
Unknown command.
You block the orc's attack.
Unknown command.
There are monsters nearby!
You barely miss the orc. The orc hits you with a +0 hand axe.
The orc priest invokes the aid of Beogh against you.
Pain shoots through your body! The orc hits you with a +0 hand axe.
Unknown command.
There are monsters nearby!
You are too injured to fight recklessly!
Unknown command.
There are monsters nearby!
You are too injured to fight recklessly!
Unknown command.
There are monsters nearby!
You are too injured to fight recklessly!
There are monsters nearby!
You are too injured to fight recklessly!
Unknown command.
Okay, then.
Okay, then.
You feel very mighty all of a sudden.
You slash the orc priest!
You kill the orc priest!
You slash the orc!
You kill the orc!
The orc priest calls down the wrath of Beogh upon you.
Beogh smites you!
* * * LOW HITPOINT WARNING * * *
You have reached level 4!
You feel stronger.
Your demonic ancestry asserts itself...
You begin to emit a foul stench of rot and decay.
You slash the orc priest!
The orc priest is heavily wounded.
You slash the orc!
You kill the orc!
The orc priest mumbles some strange prayers to Beogh against you.
Beogh smites you!
You die...

#..#...#.#
######<....<..#
#.............#
#.............#
....#####.......#
### ##......# #
##...#(####.##.
#######.#.))......
..........@ow..#
....############
##


You could see an orc priest and a dart slug.

Vanquished Creatures
  An orc priest (D:3)
  2 adders (D:2)
  A dart slug (D:1)
  2 orcs (D:3)
  2 ball pythons
  2 endoplasms
  2 giant cockroaches
  A goblin (D:2)
  A hobgoblin (D:1)
  2 kobolds (D:2)
  3 quokkas
  2 bats (D:1)
  3 frilled lizards
  A rat (D:2)
25 creatures vanquished.

Notes
Turn   | Place    | Note
-------+----------+-------------------------------------------
     0 | D:1      | Sin92 the Demonspawn Fighter began the quest for the Orb.
     0 | D:1      | Reached XP level 1. HP: 18/18 MP: 1/1
   429 | D:1      | Gained mutation: You have a pair of small horns on your
                  | head. [demonic ancestry]
   429 | D:1      | Reached XP level 2. HP: 24/24 MP: 2/2
  1099 | D:2      | Reached XP level 3. HP: 29/29 MP: 3/3
  1147 | D:2      | Reached skill level 1 in Dodging
  1327 | D:2      | Found a faded altar of an unknown god.
  1669 | D:3      | HP: 1/29 [orc priest/divine providence (14)]
  1670 | D:3      | Gained mutation: You may rarely emit foul miasma when
                  | damaged in melee. [demonic ancestry]
  1670 | D:3      | Reached XP level 4. HP: 1/35 MP: 4/4
  1670 | D:3      | Killed from afar by an orc priest

Illustrated notes

Levels and vault maps discovered:
D:1:      roderic_octagonal_star, layout_basic
D:2:      layout_basic, hellmonk_ecumenical_altar_run_dry
D:3:      layout_loops_ring

Skill      XL: |  1  2  3 |
---------------+----------+-----
Axes           | 2 |  2.3
Armour         | 3 |  3.1
Shields        | 3 |  3.1
Dodging        | 1 |  1.2
Fighting       | |  3.4

Action                   |  1- 3 |  4- 6 || total
-------------------------+-------+-------++-------
Melee: War axe           |    63 |     1 ||    64
       Headbutt          |     2 |       ||     2
  Use: Scroll            |     5 |       ||     5
       Potion            |     2 |       ||     2
Armor: Scale mail        |    26 |       ||    26
Dodge: Dodged            |    33 |       ||    33
Block: Buckler           |    13 |       ||    13
